 Dungeon Crawl Stone Soup version 0.25-a0-804-g50c693f418 (webtiles) character file.

Game seed: 6510021548664518023, levelgen mode: deterministic

509 Esekla the Stinger (level 7, -5/38 HPs)
             Began as a Tengu Venom Mage on Apr 19, 2020.
             Was an Initiate of Elyvilon.
             Slain by a centaur (10 damage)
             ... on level 4 of the Dungeon.
             The game lasted 00:24:58 (4086 turns).

Esekla the Stinger (Tengu Venom Mage)               Turns: 4086, Time: 00:24:59

Health: -5/38      AC:  2    Str:  8    XL:     7   Next: 19%
Magic:  6/14       EV: 13    Int: 17    God:    Elyvilon [......]
Gold:   87         SH:  0    Dex: 15    Spells: 5/14 levels left

rFire    . . .     SeeInvis .   v - +0 short sword
rCold    . . .     Gourm    .   (no shield)
rNeg     . . .     Faith    .   a - +0 robe
rPois    .         Spirit   .   (helmet restricted)
rElec    .         Reflect  .   (no cloak)
rCorr    .         Harm     .   (no gloves)
MR       .....                  (boots unavailable)
Stlth    +.........             (no amulet)
HPRegen  0.12/turn              (no ring)
MPRegen  0.14/turn              (no ring)

@: confused, very slightly contaminated
A: beak, talons 3, able to fly
a: Fly, Renounce Religion


You were on level 4 of the Dungeon.
You worshipped Elyvilon.
Elyvilon was noncommittal.
You were hungry.

You visited 1 branch of the dungeon, and saw 4 of its levels.

You collected 87 gold pieces.

Inventory:

Hand Weapons
 d - a +0 spear
 v - a +0 short sword (weapon)
Missiles
 r - 14 poisoned darts (quivered)
 u - 2 boomerangs
Armour
 a - a +0 robe (worn)
Scrolls
 b - 2 scrolls of teleportation {unknown}
 f - 2 scrolls of enchant armour {unknown}
 g - 2 scrolls of fog {unknown}
 h - 3 scrolls of remove curse {unknown}
 k - a scroll of enchant weapon {unknown}
 o - a scroll of blinking {unknown}
 p - a scroll of immolation {unknown}
 q - 4 scrolls of identify {unknown}
 w - a scroll of amnesia {unknown}
 x - a scroll of magic mapping {unknown}
 y - a scroll of noise {unknown}
Potions
 e - a potion of curing {unknown}
 i - 4 potions of might {unknown}
 j - 3 potions of heal wounds {unknown}
 l - 2 potions of degeneration {unknown}
 m - a potion of resistance {unknown}
 n - a potion of lignification {unknown}
 s - a potion of cancellation {unknown}
 t - 2 potions of haste {unknown}
Comestibles
 c - 5 rations


   Skills:
 + Level 1.1 Fighting
 * Level 3.3 Short Blades
 + Level 2.7 Dodging
 - Level 2.0 Stealth
 * Level 4.0 Spellcasting
 * Level 2.3 Conjurations
 - Level 0.7 Transmutations
 * Level 0.9 Fire Magic
 * Level 3.4 Air Magic
 + Level 4.1 Poison Magic


You had 5 spell levels left.
You knew the following spells:

 Your Spells              Type           Power        Failure   Level  Hunger
a - Sting                 Tmut/Pois      ##..         6%          1    None
b - Ignite Poison         Fire/Tmut/Pois ##......     22%         3    ###....
c - Mephitic Cloud        Conj/Pois/Air  ##......     12%         3    ###....
v - Poisonous Vapours     Pois/Air       ###...       4%          2    ##.....

Your spell library contained the following spells:

 Spells                   Type           Power        Failure   Level  Hunger
 Olgreb's Toxic Radiance  Pois           ###.....     28%         4    ####...


Dungeon Overview and Level Annotations

Branches:
Dungeon (4/15)
 Temple: D:4-7

Altars:
Elyvilon
Hepliaklqana
Kikubaaqudgha


Innate Abilities, Weirdness & Mutations

You have a beak for a mouth.
You have claws for feet.
You can fly continuously.


Message History

* * * LOW HITPOINT WARNING * * *
Casting: Poisonous Vapours (safe; 4% risk of failure)
Confirm with . or Enter, or press ? or * to list all spells.
You don't know that spell.
Casting: Poisonous Vapours (safe; 4% risk of failure)
Confirm with . or Enter, or press ? or * to list all spells.
Aiming: Mephitic Cloud (mildly dangerous; 12% risk of failure)
Press: ? - help, Shift-Dir - straight line, f/p - centaur
Aim: a centaur, quivering 22 arrows (lightly wounded, poisoned) That beam is likely to hit you.
Continue anyway?
The ball explodes into a vile cloud!
The stinking cloud engulfs the centaur but does no damage.
The centaur is lightly wounded.
The stinking cloud engulfs the scorpion but does no damage.
The stinking cloud engulfs you but does no damage.
You are engulfed in noxious fumes.
You choke on the stench!
You are confused.
The centaur is engulfed in noxious fumes.
The centaur hits you!
You die...

....... #..............
#..... .#..#......####
###...$ ...##.##......
#...... ..##..........
.......## ##..#..........
....#.(#####..##..........
#.......(☼s.#..##..........
##.....#.#c☼...............
..c.#.####@....#####.......
... #. #.....#. ##.......
.h .. ##......##........ .
## .........#....)..#
............##.....
...#........#####<.
#..##.......)####.).
.##....#).##...
#.(..#.......


You could see a centaur and a scorpion.

Vanquished Creatures
  An ogre (D:2)
  A gnoll shaman (D:3)
  2 hounds
  An orc wizard (D:2)
  3 orc priests
  Jessica (D:3)
  An iguana (D:2)
  4 gnolls (D:4)
  5 adders
  2 worms (D:2)
  2 dart slugs
  4 leopard geckos (D:2)
  5 orcs
  4 giant cockroaches
  4 hobgoblins
  2 jackals (D:1)
  10 kobolds
  5 quokkas
  5 bats
  A frilled lizard (D:1)
  8 goblins
  12 rats
83 creatures vanquished.

Notes
Turn   | Place    | Note
-------+----------+-------------------------------------------
     0 | D:1      | Esekla the Tengu Venom Mage began the quest for the Orb.
     0 | D:1      | Reached XP level 1. HP: 10/10 MP: 4/4
   283 | D:1      | Reached XP level 2. HP: 16/16 MP: 6/6
   288 | D:1      | Learned a level 2 spell: Poisonous Vapours
   633 | D:1      | Reached skill level 1 in Air Magic
   704 | D:1      | Reached skill level 1 in Short Blades
   707 | D:1      | Reached XP level 3. HP: 8/20 MP: 4/7
   712 | D:1      | Learned a level 3 spell: Mephitic Cloud
  1300 | D:2      | Reached skill level 1 in Conjurations
  1300 | D:2      | Reached XP level 4. HP: 24/24 MP: 1/9
  1380 | D:2      | Reached skill level 1 in Fighting
  1381 | D:2      | Gained mutation: You can fly continuously. [Tengu growth]
  1381 | D:2      | Reached XP level 5. HP: 29/29 MP: 6/10
  1460 | D:3      | Noticed Jessica
  1470 | D:3      | Killed Jessica
  1859 | D:3      | Learned a level 3 spell: Ignite Poison
  2295 | D:3      | Reached XP level 6. HP: 6/34 MP: 0/12
  3099 | D:2      | Found an ancient bone altar of Kikubaaqudgha.
  3132 | D:2      | Found a white marble altar of Elyvilon.
  3139 | D:2      | Became a worshipper of Elyvilon the Healer
  3838 | D:4      | Reached XP level 7. HP: 24/38 MP: 8/13
  4053 | D:4      | Found a hazy altar of Hepliaklqana.
  4086 | D:4      | Slain by a centaur

Levels and vault maps discovered:
D:1:      ebering_hopf_link, layout_basic
D:2:      layout_loops_ring, amethyst_overflow_temple_binary, patterned_corridor
D:3:      layout_basic, first_ration, grunt_decor_resistance,
          grunt_ministairs_1, uniq_jessica
D:4:      layout_cave_pools, old_standard_altar, ebering_ghost_reflecting_pool

Skill      XL: |  1  2  3  4  5  6  7 |
---------------+----------------------+-----
Air Magic      | 1 2 3 |  3.4
Short Blades   | 1 2 3 |  3.3
Conjurations   | 1 2 |  2.3
Fighting       | 1 |  1.1
Spellcasting   | 3 4 |  4.0
Poison Magic   | 4 |  4.1
Dodging        | |  2.7
Stealth        | |  2.0
Transmutations | |  0.7
Fire Magic     | |  0.9

Action                   |  1- 3 |  4- 6 |  7- 9 || total
-------------------------+-------+-------+-------++-------
Melee: Kick              |    15 |    14 |     3 ||    32
       Spear             |     6 |       |       ||     6
       Dagger            |    47 |    26 |       ||    73
       Unarmed           |     3 |       |       ||     3
       Peck              |    10 |     9 |       ||    19
       Short sword       |       |    50 |     7 ||    57
Throw: Dart              |       |     8 |       ||     8
 Cast: Sting             |     3 |     1 |       ||     4
       Poisonous Vapours |     8 |    36 |    11 ||    55
       Mephitic Cloud    |       |     4 |     1 ||     5
       Ignite Poison     |       |     1 |       ||     1
 Stab: Sleeping          |     4 |    10 |       ||    14
       Confused          |       |     1 |       ||     1
  Eat: Chunk             |     2 |     6 |     1 ||     9
       Ration            |       |     1 |       ||     1
Armor: Robe              |    13 |    12 |       ||    25
Dodge: Dodged            |    30 |    45 |     6 ||    81

Table legend:
 A = Non-vault XP
 B = Vault XP
 C = Vault XP percentage of total XP
 D = Non-vault monster count
 E = Vault monster count
 F = Vault count percentage of total count
                 A         B        C        D         E       F
            +---------+---------+-------+---------+---------+-------
      Total |     647 |      81 |  11.1 |      80 |       3 |   3.6
            +---------+---------+-------+---------+---------+-------
        D:1 |      35 |       0 |   0.0 |      21 |       0 |   0.0
        D:2 |     348 |       0 |   0.0 |      36 |       0 |   0.0
        D:3 |     167 |      81 |  32.7 |      18 |       3 |  14.3
        D:4 |      97 |       0 |   0.0 |       5 |       0 |   0.0
            +---------+---------+-------+---------+---------+-------
